 Dungeon Crawl Stone Soup version 0.19-a0-1079-g88a7474 (webtiles) character file.

4729 4thArraOfDagon the Cleaver (level 10, -8/89 HPs)
             Began as a Deep Dwarf Fighter on Aug 6, 2016.
             Mangled by a white ugly thing (22 damage)
             ... on level 11 of the Dungeon.
             The game lasted 00:14:23 (2287 turns).

4thArraOfDagon the Cleaver (Deep Dwarf Fighter)     Turns: 2287, Time: 00:14:24

Health: -8/89      AC: 13    Str: 20    XL:     10   Next: 22%
Magic:  7/12       EV:  4    Int: 12    God:
Gold:   205        SH:  0    Dex: 16    Spells: 0 memorised, 9 levels left

rFire  . . .     SeeInvis .     H - +3 battleaxe
rCold  . . .     Gourm    .     b - +0 scale mail
rNeg   + . .     Faith    .     (shield currently unavailable)
rPois  +         Spirit   .     (no helmet)
rElec  .         Dismiss  .     r - +0 cloak
rCorr  .         Reflect  .     l - +0 pair of gloves
SustAt .         Harm     .     (no boots)
MR     +....                    (no amulet)
Stlth  ..........               i - ring of Zatalev {rPois rN+ AC+2}
                                w - +4 ring of dexterity

@: non-regenerating
A: damage resistance, recharge devices, talons 1, sense surroundings 2, robust
1, slow regeneration 3
a: Device Recharging


You were on level 11 of the Dungeon.
You were hungry.

You visited 2 branches of the dungeon, and saw 12 of its levels.

You collected 205 gold pieces.

Inventory:

Hand Weapons
 a - a +0 war axe
 p - the +6 flail of the Candelabrum {freeze, Str+3 Dex+3}
   (You found it on level 5 of the Dungeon)

   It has been specially enchanted to freeze those struck by it, causing extra
   injury to most foes and up to half again as much damage against particularly
   susceptible opponents.
   It can also slow down cold-blooded creatures.
   It affects your strength (+3).
   It affects your dexterity (+3).
 H - a +3 battleaxe (weapon)
Armour
 b - a +0 scale mail (worn)
 c - a +0 shield
 d - a +0 cloak
 l - a +0 pair of gloves (worn)
 r - a +0 cloak (worn)
Jewellery
 g - an uncursed ring of fire
 i - the ring of Zatalev (right hand) {rPois rN+ AC+2}
   (You found it on level 7 of the Dungeon)

   [ring of protection]

   It affects your AC (+2).
   It protects you from poison.
   It protects you from negative energy.
 w - a +4 ring of dexterity (left hand)
 E - a +3 ring of dexterity
 I - an uncursed ring of poison resistance {unknown}
Wands
 e - a wand of heal wounds (5/9)
 s - a wand of acid (7/15)
 v - a wand of iceblast (0/15)
Scrolls
 j - a scroll of blinking {unknown}
 n - 2 scrolls of immolation {unknown}
 t - 2 scrolls of fear {unknown}
 u - a scroll of teleportation {unknown}
 y - a scroll of fog {unknown}
 B - a scroll of magic mapping {unknown}
 C - a scroll of random uselessness {unknown}
 D - a scroll of noise {unknown}
 F - a scroll of amnesia {unknown}
 J - a scroll of remove curse {unknown}
Potions
 k - a potion of invisibility
 m - 2 potions of lignification
 o - a potion of brilliance {unknown}
 q - a potion of degeneration {unknown}
 A - 3 potions of curing
Books
 x - a book of Conjurations

   Spells                             Type                      Level
   a - Magic Dart                     Conjuration                  1
   b - Searing Ray                    Conjuration                  2
   c - Dazzling Spray                 Conjuration/Hexes            3
   d - Fulminant Prism                Conjuration/Hexes            4
   e - Iskenderun's Mystic Blast      Conjuration                  4
   f - Iskenderun's Battlesphere      Conjuration/Charms           5
Comestibles
 f - 7 bread rations
 h - 3 fruits
 z - 2 beef jerkies
 G - a meat ration


   Skills:
 - Level 2.6 Fighting
 * Level 12.4 Axes
 + Level 9.3 Armour
 - Level 3.2 Shields
 + Level 7.2 Evocations


You had 9 spell levels left.
You didn't know any spells.

Dungeon Overview and Level Annotations

Branches:
Dungeon (11/15)            Temple (1/1) D:5
   Lair: D:8-11         Orc: D:9-12

Altars:
Ashenzari
Cheibriados
Dithmenos
Elyvilon
Fedhas
Gozag
Hepliaklqana
Kikubaaqudgha
Nemelex Xobeh
Okawaru
Qazlal
Ru
Sif Muna
Trog
Uskayaw
Xom
Yredelemnul
Zin
The Shining One

Shops:
D:7 }   D:9 %%

Portals:
Trove: D:10 (give 5 potions of resistance)

Annotations:
D:11 exclusion: orange crystal statue, Nergalle


Innate Abilities, Weirdness & Mutations

You are resistant to damage.
You can recharge devices by infusing magical energy.
You passively map the area around you.
You do not regenerate naturally.
You have sharp toenails.
You are robust. (+10% HP)


Message History

An orc comes into view.
Unknown command.
The orc shouts!
The adder closely misses you.
A white ugly thing comes into view.
The white ugly thing gurgles horribly!
Unknown command.
The crimson imp hits you but does no damage.
The adder bites you but does no damage.
Found 22 stones and an emerald potion.
An orc warrior comes into view. It is wielding a broad axe.
Found a green potion.
Unknown command.
Unknown command.
The white ugly thing punches you but does no damage.
There is a stone staircase leading down here.
Unknown command.
Unknown command.
The white ugly thing punches you. The white ugly thing freezes you!!
You die...

######........#..###%....
#######..## ,=..
####...##.o.#* ##
#.........# ,
#....###..#..#### *
##.#######........
##.....##...c.###..,
##.......DSo....# ,*
#.....@..5........# *
#......u.........## *
#....[...........# *,
#...........!....# * *
#!...............# ,
#................#
##.!(...........# *
##.....##...., * *


You could see a seven-headed hydra, a white ugly thing, a centaur (wandering), a
crimson imp, an adder and an orc.

Vanquished Creatures
  A wolf spider zombie (D:11)
  A troll (D:10)
  A two-headed ogre (D:10)
  A spriggan (D:7)
  A wyvern (D:9)
  A hippogriff (D:7)
  A mottled dragon (D:11)
  An eye of draining (D:11)
  2 ice beasts (D:9)
  An orc warrior (D:10)
  3 sky beasts
  A black bear (D:8)
  5 ogres
  4 centaurs
  A crocodile (D:10)
  4 giant frogs
  A gnoll sergeant (D:7)
  A scorpion (D:9)
  4 killer bees
  3 wights (D:10)
  2 howler monkeys
  A giant frog zombie (D:6)
  3 crimson imps
  A centaur zombie (D:9)
  2 centaur skeletons
  3 orc priests
  6 orc wizards
  A jelly (D:10)
  A giant frog skeleton (D:6)
  2 hounds (D:7)
  4 iguanas
  4 worker ants
  The ghost of 4thArraOfDagon the Slasher, a weakling MiBe of Trog (D:4)
  2 hound zombies
  3 hound skeletons
  3 gnolls (D:7)
  6 adders
  A shadow imp (D:5)
  An adder skeleton (D:6)
  An adder zombie (D:7)
  4 giant geckos
  18 orcs
  4 bats
  3 goblins
  2 hobgoblins (D:1)
  7 jackals
  A quokka (D:5)
  A giant newt (D:1)
  2 kobolds
  3 rats
131 creatures vanquished.

Notes
Turn   | Place    | Note
-------+----------+-------------------------------------------
     0 | D:1      | 4thArraOfDagon the Deep Dwarf Fighter began the quest for the Orb.
     0 | D:1      | Reached XP level 1. HP: 20/20 MP: 1/1
    49 | D:1      | LAB d:!
   165 | D:1      | Reached XP level 2. HP: 25/27 MP: 2/2
   298 | D:3      | Reached skill level 3 in Axes
   323 | D:3      | You fall through a shaft!
   333 | D:4      | Noticed 4thArraOfDagon's ghost (weakling MiBe)
   339 | D:4      | Killed 4thArraOfDagon's ghost
   339 | D:4      | Reached XP level 3. HP: 33/33 MP: 3/3
   340 | D:4      | Reached skill level 4 in Axes
   340 | D:4      | Reached XP level 4. HP: 34/40 MP: 4/4
   434 | D:5      | Entered Level 5 of the Dungeon
   460 | D:5      | Got a shimmering flail
   461 | D:5      | Identified the +6 flail of the Candelabrum {freeze, Str+3 Dex+3} (You found it on level 5 of the Dungeon)
   462 | D:5      | meh
   474 | D:5      | Noticed a centaur
   475 | D:5      | Noticed a centaur
   491 | D:5      | Killed a centaur
   491 | D:5      | Reached skill level 5 in Axes
   491 | D:5      | Reached XP level 5. HP: 32/46 MP: 5/5
   493 | D:5      | Killed a centaur
   493 | D:5      | Reached skill level 5 in Armour
   493 | D:5      | Reached XP level 6. HP: 29/55 MP: 6/6
   501 | D:5      | Reached skill level 6 in Axes
   520 | D:5      | HP: 1/55 [ogre/giant spiked club (20)]
   530 | D:5      | Noticed a sky beast
   535 | D:5      | Reached skill level 7 in Axes
   535 | D:5      | Reached XP level 7. HP: 47/61 MP: 6/6
   549 | D:5      | Gained mutation: You have sharp toenails. [mutagenic meat]
   552 | D:5      | Gained mutation: You are robust. (+10% HP) [mutagenic meat]
   588 | D:5      | Reached skill level 8 in Axes
   637 | D:5      | Found a glowing silver altar of Zin.
   664 | D:5      | Found a staircase to the Ecumenical Temple.
   664 | D:5      | Found an ancient bone altar of Kikubaaqudgha.
   671 | Temple   | Entered the Ecumenical Temple
   711 | Temple   | #WIN
   753 | D:5      | Found a stormy altar of Qazlal.
   754 | D:5      | Found a shimmering altar of Xom.
   786 | D:6      | Reached XP level 8. HP: 68/74 MP: 7/7
   828 | D:6      | Reached skill level 9 in Axes
   899 | D:6      | Found a sparkling altar of Nemelex Xobeh.
   976 | D:7      | Reached skill level 1 in Evocations
  1016 | D:7      | Got a clouded jade ring
  1032 | D:7      | Identified the ring of Zatalev {rPois rN+ AC+2} (You found it on level 7 of the Dungeon)
  1060 | D:7      | Found a hide-covered altar of Uskayaw.
  1089 | D:7      | Found Divis's Gadget Shop.
  1164 | D:7      | Found an iron altar of Okawaru.
  1167 | D:7      | 4thArraOfDagon: mak is at d:2
  1167 | D:7      | 4thArraOfDagon: wanna bet?
  1198 | D:7      | Reached skill level 10 in Axes
  1332 | D:8      | gotta dive tho
  1423 | D:8      | Gained mutation: You passively map the area around you. [Deep Dwarf growth]
  1423 | D:8      | Reached XP level 9. HP: 39/81 MP: 11/11
  1441 | D:8      | Found a shimmering altar of Xom.
  1443 | D:8      | Found a shimmering altar of Xom.
  1443 | D:8      | Found a shimmering altar of Xom.
  1443 | D:8      | Found a shimmering altar of Xom.
  1445 | D:8      | Found a shimmering altar of Xom.
  1446 | D:8      | Found a shimmering altar of Xom.
  1446 | D:8      | Found a shimmering altar of Xom.
  1447 | D:8      | wanna bet?
  1482 | D:9      | Found a glowing golden altar of the Shining One.
  1490 | D:9      | timbw: atheist
  1498 | D:9      | timbw: :(
  1531 | D:8      | 4thArraOfDagon: :D
  1544 | D:8      | 4thArraOfDagon: nice ring but
  1559 | D:8      | 4thArraOfDagon: this
  1625 | D:9      | Found Muohoap's Food Shop.
  1665 | D:9      | Reached skill level 5 in Evocations
  1688 | D:9      | Found a shattered altar of Ashenzari.
  1692 | D:9      | timbw: just veh and pak
  1693 | D:9      | timbw: then ull get him
  1695 | D:9      | Reached skill level 11 in Axes
  1756 | D:9      | 4thArraOfDagon: there is still miserable hope
  1756 | D:9      | Found Sobbygum's Food Emporium.
  1765 | D:9      | 4thArraOfDagon: for more food shops
  1854 | D:9      | ok
  1891 | D:10     | Entered Level 10 of the Dungeon
  1909 | D:10     | 4thArraOfDagon: jiyvba could work too
  1943 | D:10     | Noticed a troll
  1954 | D:10     | Found a portal to a secret trove of treasure.
  1967 | D:10     | Killed a troll
  2039 | D:11     | Noticed Nergalle
  2173 | D:10     | Reached skill level 12 in Axes
  2173 | D:10     | Reached XP level 10. HP: 33/89 MP: 10/12
  2189 | D:11     | Found a shattered altar of Ashenzari.
  2228 | D:11     | Noticed an orange crystal statue
  2264 | D:11     | Noticed a seven-headed hydra
  2282 | D:11     | Noticed a white ugly thing
  2287 | D:11     | Mangled by a white ugly thing

Vault maps used:
D:1:      nagdon_arrival_double_spiral
D:2:      first_bread, minmay_hexomino_c4
D:3:      old_standard_altar, ecumenical_altar_1, serial_aquarium,
          aquarium_bridge_square, aquarium_bridge_straight, aquarium_window_3,
          aquarium_window_2, aquarium_view_4, aquarium_view_2d,
          aquarium_balcony_3a, minmay_misc_feat_square
D:5:      grunt_temple_overflow_lords_of_destruction, zin_academy,
          grunt_temple_overflow_open
D:6:      lemuel_round_altar, basic_altar
D:7:      okawaru_ov_weapons_minmay, lemuel_doored_altar, serial_shops,
          kennysheep_mini_moat, the_bakery
D:8:      nicolae_xom_altar_mimics
D:9:      kennysheep_little_box, lemuel_crystal_altar, serial_shops,
          nicolae_shop_stone, nicolae_shop_stone
D:10:     nicolae_trove_entry_crossroad
D:11:     dpeg_lair_monsters, kennysheep_orc_monster_closet_entryway,
          basic_altar, minmay_protected_statue, uniq_erolcha, uniq_nergalle
Temple:   cyrus_temple_forest

Skill      XL: |  1  2  3  4  5  6  7  8  9 10 |
---------------+-------------------------------+-----
Axes           | 3 4 5 7 8 10 12 | 12.4
Armour         | 4 5 6 7 9 |  9.3
Evocations     | 4 6 7 |  7.2
Fighting       | |  2.6
Shields        | |  3.2

Action                   |  1- 3 |  4- 6 |  7- 9 | 10-12 || total
-------------------------+-------+-------+-------+-------++-------
Melee: War axe           |    48 |    26 |       |       ||    74
       Flail             |       |    47 |   247 |       ||   294
       Kick              |       |       |    93 |     3 ||    96
       Battleaxe         |       |       |    10 |    24 ||    34
 Abil: Device Recharging |       |     1 |     2 |       ||     3
Evoke: Wand              |     1 |     6 |    12 |     1 ||    20
  Use: Potion            |     3 |       |     2 |     1 ||     6
       Scroll            |       |       |     2 |       ||     2
  Eat: Chunk             |       |       |     4 |       ||     4
       Pizza             |       |       |     2 |       ||     2
Armor: Scale mail        |    50 |    33 |   184 |     8 ||   275
       Skin              |       |       |    11 |    83 ||    94
Dodge: Dodged            |    29 |    23 |    88 |    14 ||   154
Block: Shield            |    48 |    68 |   211 |       ||   327
